 Dungeon Crawl Stone Soup version 0.30-a0-576-g89cddaab80 (webtiles) character file.

Game seed: 9739318729294885314

2216 Shayle the Ducker (level 9, 0/55 HPs)
             Began as a Tengu Reaver on Dec 30, 2022.
             Was a Follower of Kikubaaqudgha.
             Slain by a hornet (8 damage)
             ... on level 7 of the Dungeon.
             The game lasted 00:11:26 (5356 turns).

Shayle the Ducker (Tengu Reaver)                    Turns: 5356, Time: 00:11:26

Health: 0/55       AC:  8    Str: 13    XL:     9   Next: 35%
Magic:  17/17      EV: 12    Int: 24    God:    Kikubaaqudgha [*.....]
Gold:   422        SH:  0    Dex: 12    Spells: 10/18 levels left

rFire   . . .      SeeInvis .    y - +2 dagger (elec)
rCold   . . .      Faith    .    n - orb {*Rage}
rNeg    + . .      Spirit   .    u - +1 scale mail of Morality {Rampage rN+ Int+6}
rPois   .          Reflect  .    (helmet restricted)
rElec   .          Harm     .    (no cloak)
rCorr   .          Rampage  +    i - +0 pair of gloves
Will    .....      Rage     20%  (boots unavailable) Stlth
                                 k - amulet of regeneration
HPRegen 1.09/turn                (no ring)
MPRegen 0.15/turn                (no ring)

@: lethally poisoned (0 -> -4), on berserk cooldown, flying quickly and
evasively, slowed, very slow
A: beak, talons 3, nimble flight
a: Renounce Religion, Unearth Wretches


You were on level 7 of the Dungeon.
You worshipped Kikubaaqudgha.
Kikubaaqudgha was aware of your devotion.
You visited 2 branches of the dungeon, and saw 8 of its levels.

You collected 422 gold pieces.

Inventory:

Hand Weapons
 a - a +0 short sword
 q - a +3 dagger of speed
 y - a +2 dagger of electrocution (weapon)
 z - a +0 war axe of electrocution
 B - the +2 dagger of Dullness {heavy, rElec rF- rC++ Int+2}
   (You found it on level 4 of the Dungeon)

   It deals dramatically more damage, but attacks with it are much slower.
   Int:       It affects your intelligence (+2).
   rF:        It makes you vulnerable to fire.
   rC:        It greatly protects you from cold.
   rElec:     It insulates you from electricity.
 H - a +2 scimitar of electrocution
Missiles
 v - 5 curare-tipped darts
 D - 2 throwing nets
Armour
 b - a +0 leather armour
 i - a +0 pair of gloves (worn)
 n - an orb of wrath (worn)
 u - the +1 scale mail of Morality (worn) {Rampage rN+ Int+6}
   (You found it on level 3 of the Dungeon)

   Int:       It affects your intelligence (+6).
   rN:        It protects you from negative energy.
   Rampage:   It bestows one free step when moving towards enemies.
 G - the +2 robe of Leapfrog {rPois Will+ Str+2}
   (You found it on level 5 of the Dungeon)

   Str:       It affects your strength (+2).
   rPois:     It protects you from poison.
   Will:      It increases your willpower.
Jewellery
 k - an amulet of regeneration (around neck)
Wands
 x - a wand of digging (6)
Scrolls
 d - a scroll of vulnerability
 g - a scroll of fear
 l - 3 scrolls of teleportation
 m - 3 scrolls of summoning
 p - 2 scrolls of immolation
 t - a scroll of blinking
 A - a scroll of noise
 C - a scroll of amnesia
Potions
 c - a potion of magic {unknown}
 e - 5 potions of heal wounds
 f - 2 potions of might {unknown}
 h - a potion of degeneration {unknown}
 j - 5 potions of attraction
 o - a potion of brilliance {unknown}
 r - a potion of flight {unknown}
 s - 4 potions of mutation
 w - a potion of lignification {unknown}
 E - a potion of haste {unknown}
 F - a potion of resistance {unknown}
 I - 3 potions of berserk rage {unknown}


   Skills:
 + Level 5.7 Fighting
 - Level 3.2 Short Blades
 + Level 6.3 Dodging
 + Level 5.3 Spellcasting
 - Level 4.0 Conjurations
 + Level 5.6 Necromancy
 + Level 3.9 Earth Magic


You had 10 spell levels left.
You knew the following spells:

 Your Spells              Type           Power      Damage    Failure   Level
a - Kiss of Death         Conj/Necr      100%       2d13      6%          1
b - Animate Dead          Necr           33%        N/A       38%         4
c - Hailstorm             Conj/Ice       16%        3d6       50%         3

Your spell library contained the following spells:

 Spells                   Type           Power      Damage    Failure   Level
 Necrotise                Necr           100%       1d9       4%          1
 Sublimation of Blood     Necr           33%        N/A       6%          2
 Momentum Strike          Conj/Tloc      32%        3d8       28%         2
 Cigotuvi's Dreadful Rot  Necr/Pois/Air  30%        N/A       30%         2
 Inner Flame              Hex/Fire       6%         N/A       78%         3
 Cause Fear               Hex            3%         N/A       99%         4
 Summon Ice Beast         Ice/Summ       6%         N/A       99%         4
 Summon Mana Viper        Hex/Summ       6%         N/A       100%        5
 Monstrous Menagerie      Summ           3%         N/A       100%        7
 Discord                  Hex            3%         N/A       100%        8


Dungeon Overview and Level Annotations

Branches:
Dungeon (7/15)             Temple (1/1) D:5

Altars:
Dithmenos
Elyvilon
Gozag
Hepliaklqana
Kikubaaqudgha
Makhleb
Nemelex Xobeh
Okawaru
Qazlal
Ru
Sif Muna
Trog
Uskayaw
Vehumet
Wu Jian
Xom
Yredelemnul
Zin

Annotations:
D:4 3 runed translucent doors, lotum's ghost, novice OpFi
D:7 3 runed translucent doors, BitJockey's ghost, novice DEFE


Innate Abilities, Weirdness & Mutations

You have a beak for a mouth.
You have claws for feet.
Your magical nature lets you fly swiftly and evasively.


Message History

You closely miss the bullfrog. You claw the bullfrog.
You kill the bullfrog!
Kikubaaqudgha accepts your kill.
Found a stone staircase leading up.
You see here a bullfrog corpse.
Calm down first, please.
Found 3 atropa-tipped darts and 3 stones.
You feel a strong urge to attack something.
You feel your anger nearly subside.
You are no longer berserk.
You are exhausted.
You feel yourself slow down.
A hornet comes into view.
The hornet buzzes angrily.
The hornet barely misses you.
You closely miss the hornet. You claw the hornet, but do no damage.
The hornet stings you!
You feel as though you will be slow longer.
You hit the hornet but do no damage. The hornet stings you!
You are poisoned.
You feel as though you will be slow longer.
The hornet stings you!
You feel as though you will be slow longer.
You hit the hornet but do no damage. Lightning courses through the hornet!
You peck the hornet, but do no damage.
The hornet is heavily wounded.
You feel very sick. The hornet stings you!
* * * LOW HITPOINT WARNING * * *
You are more poisoned.
You feel as though you will be slow longer.
The hornet closely misses you.
You hit the hornet. You peck the hornet, but do no damage.
The hornet is heavily wounded.
You feel very sick. The hornet stings you.
* * * LOW HITPOINT WARNING * * *
You feel as though you will be slow longer.
The hornet stings you!
You die...
Kikubaaqudgha rasps: "You have failed me!
Welcome... death!"

#..##. ... ##......###
... .......##.##. ..
#......# #.##. ..
.......##..### #.
#............. #.
###.............
#.#.##...............
#...@y..............(
#...#####....#########.
... ##...#.......#. .
#####..#..#.#..#.
###..#...#Y(.#...+.
#........#.(.....+.
.....#....#...#...+.
..##.#....#..#.#.W#. ..
##....#..#.......#.


You could see a hornet.

Vanquished Creatures
  Pikel (D:6)
  3 water moccasins (D:5)
  A black bear (D:5)
  A sky beast (D:7)
  An ogre (D:5)
  2 centaurs
  A phantom (D:5)
  A kobold brigand (D:6)
  Blork the orc (D:6)
  A bullfrog (D:7)
  2 scorpions
  A lava snake (D:7)
  3 hounds
  A jelly (D:5)
  2 orc priests
  Jessica (D:2)
  4 iguanas
  4 orc wizards (D:5)
  4 adders
  3 gnolls (D:4)
  A worm (D:2)
  2 dart slugs
  13 orcs
  8 endoplasms
  7 giant cockroaches
  9 goblins
  11 hobgoblins
  5 quokkas
  9 ball pythons
  6 bats
  4 frilled lizards
  9 kobolds
  9 rats
131 creatures vanquished.

Notes
Turn   | Place    | Note
-------+----------+-------------------------------------------
     0 | D:1      | Shayle the Tengu Reaver began the quest for the Orb.
     0 | D:1      | Reached XP level 1. HP: 12/12 MP: 4/4
   126 | D:1      | Reached XP level 2. HP: 11/17 MP: 6/6
   592 | D:1      | Reached skill level 1 in Necromancy
   597 | D:1      | Reached XP level 3. HP: 21/21 MP: 7/7
   978 | D:2      | Noticed Jessica
   982 | D:2      | Killed Jessica
   983 | D:2      | Reached skill level 1 in Earth Magic
   983 | D:2      | Reached XP level 4. HP: 27/27 MP: 8/8
  1458 | D:2      | Reached skill level 3 in Dodging
  1631 | D:3      | Gained mutation: Your magical nature lets you fly swiftly
                  | and evasively. [Tengu growth]
  1631 | D:3      | Reached XP level 5. HP: 31/32 MP: 8/10
  1704 | D:3      | Found a hazy altar of Hepliaklqana.
  1758 | D:3      | Found an ancient bone altar of Kikubaaqudgha.
  1768 | D:3      | Identified the +1 scale mail of Morality {Rampage rN+
                  | Int+6}
  2155 | D:4      | Found a runed translucent gate.
  2155 | D:4      | Found a runed translucent gate.
  2155 | D:4      | Found a runed translucent gate.
  2241 | D:4      | Noticed lotum's ghost (novice OpFi)
  2727 | D:4      | Identified the +2 dagger of Dullness {heavy, rElec rF- rC++
                  | Int+2}
  2791 | D:4      | Reached XP level 6. HP: 30/37 MP: 11/11
  3088 | D:4      | Found a bloodstained altar of Trog.
  3359 | D:5      | Entered Level 5 of the Dungeon
  3415 | D:5      | Reached skill level 4 in Dodging
  3451 | D:5      | Noticed a water moccasin
  3460 | D:5      | Killed a water moccasin
  3461 | D:5      | Reached XP level 7. HP: 42/42 MP: 13/13
  3465 | D:5      | Found a staircase to the Ecumenical Temple.
  3481 | Temple   | Entered the Ecumenical Temple
  3787 | D:3      | Became a worshipper of Kikubaaqudgha
  4060 | D:5      | Reached XP level 8. HP: 31/48 MP: 13/15
  4146 | D:5      | Reached skill level 5 in Dodging
  4298 | D:5      | Identified the +2 robe of Leapfrog {rPois Will+ Str+2}
  4663 | D:6      | Noticed Blork the orc
  4667 | D:6      | Killed Blork the orc
  4705 | D:6      | Noticed Pikel
  4715 | D:6      | Reached skill level 5 in Fighting
  4715 | D:6      | Reached * piety under Kikubaaqudgha
  4715 | D:6      | Received a gift from Kikubaaqudgha
  4729 | D:6      | Killed Pikel
  4730 | D:6      | Reached skill level 6 in Dodging
  4730 | D:6      | Reached skill level 5 in Spellcasting
  4730 | D:6      | Reached skill level 5 in Necromancy
  4730 | D:6      | Reached XP level 9. HP: 54/54 MP: 17/17
  5273 | D:7      | Learned a level 4 spell: Animate Dead
  5277 | D:7      | Learned a level 3 spell: Hailstorm
  5278 | D:7      | Found a runed translucent gate.
  5279 | D:7      | Found a runed translucent gate.
  5280 | D:7      | Found a runed translucent gate.
  5303 | D:7      | Noticed BitJockey's ghost (novice DEFE)
  5348 | D:7      | Noticed a hornet
  5356 | D:7      | Slain by a hornet

Illustrated notes

Levels and vault maps discovered:
D:1:      spicycebolla_arrival_clurvy, layout_loops_cross,
          minmay_misc_feat_secret_circle, nrook_uturn
D:2:      cheibrodos_greedy_goblins, layout_loops_ring, uniq_jessica
D:3:      layout_rooms, mainiacjoe_overflow_surrounded_room,
          mainiacjoe_overflow_six_doors_small
D:4:      layout_layer_cave, kennysheep_mini, ebering_ghost_rock_garden,
          roderic_roman_lattice
D:5:      minmay_recursive_quarters, layout_basic, minmay_temple_entry_tees
D:6:      kennysheep_windowed_halls, layout_gridville, uniq_pikel,
          uniq_blork_the_orc
D:7:      layout_cave_pools, gammafunk_ghost_split, kennysheep_generic_room_4
Temple:   bh_familiar_temple

Skill      XL: |  1  2  3  4  5  6  7  8 |
---------------+-------------------------+-----
Necromancy     | 1 2 3 5 |  5.6
Earth Magic    | 1 2 3 |  3.9
Dodging        | 3 4 6 |  6.3
Fighting       | 3 4 5 |  5.7
Spellcasting   | 3 4 5 |  5.3
Short Blades   | |  3.2
Conjurations   | |  4.0

Action                   |  1- 3 |  4- 6 |  7- 9 || total
-------------------------+-------+-------+-------++-------
Melee: Short sword       |    74 |   129 |       ||   203
       Peck              |    16 |    35 |    16 ||    67
       Kick              |    11 |    39 |    27 ||    77
       Dagger            |       |    28 |   113 ||   141
  Use: Scroll            |       |       |    13 ||    13
 Stab: Sleeping          |     1 |       |       ||     1
Armor: Leather armour    |    24 |    20 |       ||    44
       Scale mail        |       |    27 |    46 ||    73
Dodge: Dodged            |    55 |    95 |    51 ||   201

Table legend: (Time is in decaauts)
 A = Elapsed time spent in this place.
 B = Non-inter-level travel time spent in this place.
 C = Inter-level travel time spent in this place.
 D = Time resting spent in this place.
 E = Time spent auto-exploring this place.
 F = Levels seen in this place.
 G = Mean time per level.
                   A        B        C        D        E       F      G
               +--------+--------+--------+--------+--------+-----+--------+
         Total |   5261 |   4914 |    347 |    157 |   3447 |   8 |  657.6 |
       Dungeon |   5062 |   4730 |    332 |    157 |   3293 |   7 |  723.1 |
        Temple |    199 |    184 |     15 |      0 |    154 |   1 |  199.0 |
               +--------+--------+--------+--------+--------+-----+--------+

Top non-repeatable levels by time:
     D:4: 1191 daAuts
     D:5: 998 daAuts
     D:2: 822 daAuts
     D:1: 802 daAuts
     D:3: 563 daAuts
     D:6: 553 daAuts
  Temple: 199 daAuts
     D:7: 131 daAuts
